 Dungeon Crawl Stone Soup version 0.14-a0-1974-gdb6e453 (webtiles) character file.

139 Piginabag the Ducker (level 4, -1/33 HPs)
             Began as a Formicid Monk on Jan 18, 2014.
             Shot with an arrow by a centaur (10 damage)
             ... on Level 3 of the Dungeon.
             The game lasted 00:05:07 (2317 turns).

Piginabag the Ducker (Formicid Monk)                Turns: 2317, Time: 00:05:07

HP  -1/33        AC  9     Str 17      XL: 4   Next: 86%
MP   4/4         EV 10     Int  9      God:
Gold 64          SH  0     Dex 13      Spells:  0 memorised,  3 levels left

rFire  + + .     SeeInvis +     k - +0 whip
rCold  x x .     Clarity  .     m - +2 elf ring mail
rNeg   . . .     Conserve .     (no shield)
rPois  x         rCorr    .     (helmet unavailable)
rElec  .         rRot     .     (no cloak)
SustAb . .       Spirit   .     t - +0 pair of gloves
rMut   .         Warding  .     (no boots)
Saprov . . .     Stasis   +     (no amulet)
MR     .....                    g - ring of fire
                                e - ring of fire

@: not resistant to hostile enchantments, unstealthy
A: permanent stasis, dig shafts and tunnels, four strong arms, poison weakness,
antennae 3, exoskeleton 1
a: Dig, Shaft Self


You were on level 3 of the Dungeon.
You were not hungry.

You visited 1 branch of the dungeon, and saw 3 of its levels.

You collected 64 gold pieces.

Inventory:

Hand weapons
 k - a +0,+0 whip (weapon)
Armour
 m - a +2 elven ring mail (worn)
 t - a +0 pair of gloves (worn)
Magical devices
 r - a wand of confusion (14) {unknown}
Comestibles
 b - 2 bread rations
 c - 2 apples
 i - 2 pears
 q - 3 meat rations
 u - a beef jerky
Scrolls
 a - a scroll of blinking {unknown}
 d - a scroll of remove curse
 h - 4 scrolls of identify
 s - a scroll of magic mapping {unknown}
 v - a scroll of immolation {unknown}
Jewellery
 e - a ring of fire (left hand)
 g - a ring of fire (right hand)
Potions
 f - a potion of brilliance {unknown}
 l - a potion of restore abilities {unknown}
 n - a potion of speed {unknown}
 o - a potion of agility
 p - a potion of beneficial mutation {unknown}


   Skills:
 + Level 3.4 Fighting
 + Level 0.2 Armour
 + Level 4.2 Dodging
 - Level 2.4 Stealth
 - Level 4.0 Unarmed Combat


You had 3 spell levels left.
You didn't know any spells.

Dungeon Overview and Level Annotations

Branches:
Dungeon (3/16)

Altars:


Innate Abilities, Weirdness & Mutations

Your are under a permanent stasis effect.
You can dig through walls and to a lower floor.
Your four strong arms can wield any weapon, most with a shield.
You are susceptible to poison.
You have a pair of large antennae on your head (SInv).
Your body is surrounded by an exoskeleton. (HP +5, AC +1)


Message History

The centaur shoots an arrow.
The arrow hits you!
You see here an arrow.
The centaur shoots an arrow.
The arrow hits you!
You see here an arrow.
The centaur shoots an arrow.
The arrow hits you!
The centaur shoots an arrow.
The arrow misses you.
You see here 2 arrows.
There is an open door here.
A centaur comes into view.
The centaur shouts!
The centaur wields a bow.
The centaur shoots an arrow.
The arrow hits you!
You see here an arrow.
The centaur shoots an arrow.
The arrow hits you!
The centaur shoots an arrow.
The arrow hits you!
* * * LOW HITPOINT WARNING * * *
You see here 2 arrows.
Drink which item? (? for menu, Esc to quit)
You feel better.
The centaur shoots an arrow.
The arrow misses you.
The centaur shoots an arrow.
The arrow hits you!
You die...

. ##'#########.≈≈≈≈≈≈≈
##.##........≈≈≈≈≈≈≈
##...##.......≈≈≈≈≈≈≈
#.##.....##....(.≈≈≈≈≈≈≈
#.....♣...'..###((.(....
#.###...###### #####....
# #..(# #### #.>(# #..@#
{ #...# +...♣.. ##.c...#
##...## ##.## #+


You could see a centaur.

Vanquished Creatures
  A gnoll (D:2)
  An adder (D:2)
  3 giant geckos
  An ooze (D:1)
  2 giant cockroaches (D:1)
  8 goblins
  6 hobgoblins
  4 jackals
  4 ball pythons
  5 bats
  4 giant newts
  7 kobolds
  A quokka (D:3)
  7 rats
54 creatures vanquished.

Notes
Turn   | Place    | Note
--------------------------------------------------------------
     0 | D:1      | Piginabag, the Formicid Monk, began the quest for the Orb.
     0 | D:1      | Reached XP level 1. HP: 19/19 MP: 1/1
    43 | D:1      | Reached XP level 2. HP: 22/24 MP: 2/2
   301 | D:1      | Reached XP level 3. HP: 26/28 MP: 3/3
  1005 | D:2      | Reached XP level 4. HP: 17/33 MP: 4/4
  2301 | D:3      | Noticed a centaur
  2301 | D:3      | Noticed a centaur
  2313 | D:3      | Noticed a centaur
  2315 | D:3      | HP: 1/33 [centaur/arrow (11)]
  2317 | D:3      | Shot with an arrow by a centaur

Action                   |  1- 3 |  4- 6 || total
-------------------------+-------+-------++-------
Melee: Unarmed           |   127 |       ||   127
       Whip              |    28 |   112 ||   140
  Use: Scroll            |       |     2 ||     2
       Potion            |       |     1 ||     1
 Stab: Sleeping          |     3 |     1 ||     4
